 Dungeon Crawl Stone Soup version 0.30-a0-711-gf4ac18a38d (webtiles) character file.

Game seed: 1816006391311906110

85 purpskrrrp the Conjurer (level 4, 0/32 HPs)
             Began as a Demonspawn Conjurer on Jan 22, 2023.
             Slain by Sigmund
             ... wielding a +2 scythe of freezing
              (11 damage)
             ... on level 3 of the Dungeon.
             The game lasted 00:03:18 (2954 turns).

purpskrrrp the Conjurer (Demonspawn Conjurer)       Turns: 2954, Time: 00:03:19

Health: 0/32       AC:  4    Str:  8    XL:     4   Next: 25%
Magic:  6/8        EV: 12    Int: 21    God:
Gold:   133        SH:  0    Dex: 11    Spells: 5/8 levels left

rFire   . . .      SeeInvis .    i - +2 short sword (speed)
rCold   . . .      Faith    .    (no shield)
rNeg    . . .      Spirit   .    a - +0 robe
rPois   .          Reflect  .    (no helmet)
rElec   .          Harm     .    (no cloak)
rCorr   .          Rampage  .    g - +0 pair of gloves
Will    .....                    c - +0 pair of boots
Stlth   +                        (no amulet)
HPRegen 0.25/turn                (no ring)
MPRegen 0.11/turn                (no ring)

@: confused
A: spiny 2
a: no special abilities


You were on level 3 of the Dungeon.
You visited 1 branch of the dungeon, and saw 3 of its levels.

You collected 133 gold pieces.

Inventory:

Hand Weapons
 i - a +2 short sword of speed (weapon)
Missiles
 h - a throwing net
Armour
 a - a +0 robe (worn)
 c - a +0 pair of boots (worn)
 g - a +0 pair of gloves (worn)
Wands
 j - a wand of roots (9)
Scrolls
 f - 2 scrolls of vulnerability
 m - a scroll of magic mapping {unknown}
 n - a scroll of teleportation
 o - a scroll of enchant weapon {unknown}
Potions
 b - 2 potions of magic
 d - a potion of curing {unknown}
 e - a potion of lignification {unknown}
 k - a potion of invisibility {unknown}
 l - a potion of heal wounds {unknown}


   Skills:
 + Level 1.1 Fighting
 + Level 0.2 Short Blades
 - Level 2.2 Dodging
 + Level 2.6 Stealth
 + Level 2.6 Spellcasting
 + Level 4.4 Conjurations


You had 5 spell levels left.
You knew the following spells:

 Your Spells              Type           Power      Damage    Failure   Level
a - Magic Dart            Conj           84%        1d7       2%          1
b - Searing Ray           Conj           42%        2d6       3%          2

Your spell library contained the following spells:

 Spells                   Type           Power      Damage    Failure   Level
 Beastly Appendage        Tmut           4%         N/A       14%         1
 Slow                     Hex            8%         N/A       14%         1
 Dazzling Flash           Conj/Hex       24%        N/A       17%         3
 Wereblood                Tmut           2%         N/A       21%         2
 Confusing Touch          Hex            2%         N/A       38%         3
 Spider Form              Tmut/Pois      2%         N/A       38%         3
 Vampiric Draining        Necr           2%         2d6       38%         3
 Fulminant Prism          Conj/Hex       6%         3d7       50%         4
 Iskenderun's Mystic Bla  Conj/Tloc      12%        2d5       50%         4


Dungeon Overview and Level Annotations

Branches:
Dungeon (3/15)

Altars:

Annotations:
D:3 Sigmund


Innate Abilities, Weirdness & Mutations

You are mostly covered in sharp spines.


Message History

You hear the brisk rusting of a very distant drain.
m - a scroll labelled ULIWI SEHY
Found a ring mail.
Found a stone staircase leading down.
You see here a +0 ring mail.
You hear the brisk rusting of a very distant drain.
You hear the quick rusting of a very distant drain.
n - a scroll of teleportation
o - a scroll labelled LUHUGRATZO Sigmund the Dreaded comes into view.
He is wielding a +2 scythe of freezing.
You see here a book of Alchemy.
Memorise Searing Ray, consuming 2 spell levels and leaving 5?
You start memorising the spell.
You continue memorising. x2
You hear the quick rusting of a very distant drain.
You finish memorising.
Spell assigned to 'b'.
Sigmund gestures wildly while chanting.
Sigmund flickers and vanishes!
Deactivating autopickup; reactivate with Ctrl-A.
You see here a book of Alchemy.
Casting: Magic Dart (safe; 2% risk of failure)
Confirm with . or Enter, or press ? or * to list all spells.
Aiming: Searing Ray (safe; 3% risk of failure)
Press: ? - help, Shift-Dir - straight line The searing ray hits something! (Press . to maintain the ray.)
A puff of flame appears from out of thin air!
The puff of flame misses you.
The searing ray hits something.
You are confused.
You are too confused!
You're too confused to move!
You hear some strange, mumbled words.
You are more confused.
You bump into the rock wall.
Something hits you! Something freezes you.
You barely miss something. You hit something but do no damage.
Something hits you. Something freezes you.
You miss something. You closely miss something. Something hits you!
You die...

#.#
#......###.###..
#.#
#............##.
#.#
#............###
#.######
###.............
#......#
#.............
######.#
#......)......
#.####
#.....^.......
#..:.#
#.........))..
####@#
#.............
#{#
##########....
#.# #.... #.#
##### ... ...
... #....


There were no monsters in sight!

Vanquished Creatures
  2 adders (D:3)
  4 worms
  3 orcs (D:3)
  6 bats
  An endoplasm (D:2)
  5 goblins
  6 hobgoblins
  4 jackals (D:2)
  5 quokkas
  3 ball pythons (D:1)
  3 kobolds
  6 rats
48 creatures vanquished.

Notes
Turn   | Place    | Note
-------+----------+-------------------------------------------
     0 | D:1      | purpskrrrp the Demonspawn Conjurer began the quest for the
                  | Orb.
     0 | D:1      | Reached XP level 1. HP: 13/13 MP: 3/3
   345 | D:1      | Gained mutation: You are partially covered in sharp spines.
                  | [demonic ancestry]
   345 | D:1      | Reached XP level 2. HP: 19/19 MP: 3/5
  1605 | D:2      | Reached XP level 3. HP: 24/24 MP: 4/6
  2543 | D:3      | Reached skill level 1 in Fighting
  2543 | D:3      | Gained mutation: You are mostly covered in sharp spines.
                  | [demonic ancestry]
  2543 | D:3      | Reached XP level 4. HP: 30/32 MP: 4/7
  2938 | D:3      | Noticed Sigmund
  2943 | D:3      | Learned a level 2 spell: Searing Ray
  2954 | D:3      | Slain by Sigmund

Illustrated notes

Levels and vault maps discovered:
D:1:      sevenhm_arrival_forest_fort_small_1, layout_loops_ring,
          serial_park_tiny_2
D:2:      layout_loops_ring
D:3:      layout_basic, cheibrodos_sewer_entry_bend, uniq_sigmund

Skill      XL: |  1  2  3 |
---------------+----------+-----
Stealth        | 2 |  2.6
Dodging        | 2 |  2.2
Fighting       | 1 |  1.1
Short Blades   | |  0.2
Spellcasting   | |  2.6
Conjurations   | |  4.4

Action                     |  1- 3 |  4- 6 || total
---------------------------+-------+-------++-------
  Melee: Unarmed           |    31 |       ||    31
         Short sword       |    32 |     4 ||    36
   Cast: Magic Dart        |    84 |     9 ||    93
         Searing Ray       |       |     1 ||     1
    Use: Scroll            |     5 |       ||     5
 Armour: Robe              |    16 |       ||    16
  Dodge: Dodged            |    40 |     1 ||    41

Table legend: (Time is in decaauts)
 A = Elapsed time spent in this place.
 B = Non-inter-level travel time spent in this place.
 C = Inter-level travel time spent in this place.
 D = Time resting spent in this place.
 E = Time spent auto-exploring this place.
 F = Levels seen in this place.
 G = Mean time per level.
                   A        B        C        D        E       F      G
               +--------+--------+--------+--------+--------+-----+--------+
         Total |   2944 |   2791 |    153 |      0 |   2488 |   3 |  981.3 |
       Dungeon |   2944 |   2791 |    153 |      0 |   2488 |   3 |  981.3 |
               +--------+--------+--------+--------+--------+-----+--------+

Top non-repeatable levels by time:
     D:1: 1224 daAuts
     D:2: 1150 daAuts
     D:3: 569 daAuts
